Map: Temple of the Past

Players

MattBarry

  • Race: Protoss Protoss
  • League: Gold
  • Spawn Location: 0:00

MattBarry

  • Race: Zerg Zerg

VOD

Have the link to the VOD?

Description

Time

  • Played on: Jan. 15, 2023, 7:59 p.m.
  • Length: 8:13
Show
View Real Time Build Order
Export as new Build Order

MattBarry Protoss 

Build Orders:  

Get SALT Encoding   

  12  0:02  Probe (Chrono Boost)  
  13  0:16  Probe (Chrono Boost)  
  14  0:28  Pylon  
  14  0:31  Probe (Chrono Boost)  
  15  0:40  Assimilator  
  15  0:53  Probe (Chrono Boost)  
  16  1:01  Gateway  
  16  1:06  Probe (Chrono Boost)  
  17  1:16  Dark Pylon  
  17  1:19  Probe (Chrono Boost)  
  17  1:27  Gateway  
  18  1:33  Probe (Chrono Boost)  
  18  1:39  Assimilator  
  19  1:46  Probe (Chrono Boost)  
  20  2:00  Probe (Chrono Boost)  
  20  2:08  Cybernetics Core  
  21  2:10  Centurion  
  23  2:31  Pylon  
  23  2:46  Warp Gate  
  23  2:59  Stalker x2  
  27  3:08  Forge  
  27  3:12  Gateway  
  27  3:24  Gateway  
  27  3:46  Dark Pylon  
  27  3:49  Protoss Ground Weapons Level 1  
  27  3:57  Centurion  
  27  3:58  Centurion  
  31  4:27  Stalker x2  
  35  5:14  Twilight Council  
  35  5:16  Pylon  
  35  5:22  Stalker x4  
  43  5:31  Pylon  
  37  5:58  Centurion x4  
  33  6:30  Stalker x3  
  39  7:03  Shadow Charge  
  35  7:12  Dark Shrine  
  29  7:30  Stalker x2  
  29  7:33  Stalker  
Show
View Real Time Build Order
Export as new Build Order

MattBarry Zerg 

Build Orders:  

Get SALT Encoding   

  18  0:04  Primal Drone  
  19  0:11  Primal Drone  
  19  0:18  Primal Drone  
  21  0:25  Primal Drone  
  22  0:36  Primal Drone  
  23  0:56  Primal Warden  
  23  0:59  Primal Drone  
  25  1:16  Primal Drone  
  25  1:19  Extractor  
  26  1:42  Primal Drone  
  26  1:44  Primal Drone  
  26  1:48  Extractor  
  28  1:59  Primal Zergling  
  29  2:03  Primal Drone  
  30  2:10  Primal Drone  
  31  2:40  Primal Zergling x2  
  33  2:51  Glevig's Den  
  33  3:00  Primal Warden  
  33  3:19  Primal Drone x3  
  36  3:20  Primal Drone  
  36  3:21  Primal Attacks Level 1  
  37  3:39  Primal Zergling x2  
  36  4:28  Primal Drone x3  
  36  4:29  Primal Drone  
  40  4:36  Primal Roach x2  
  40  4:37  Primal Roach x4  
  40  4:38  Primal Roach  
  53  4:58  Primal Drone  
  53  4:59  Primal Drone  
  60  5:34  Primal Hive  
  57  6:27  Primal Roach x5  
  57  6:28  Primal Roach x4  
  51  7:43  Primal Wurm  
  46  7:52  Primal Wurm  
  46  7:57  Primal Roach  
  46  7:58  Primal Roach x3  
  52  8:09  Primal Drone x2  
  46  8:10  Primal Drone x2  
Tags
 
Commander
DehakaVorazun
League
Gold
Matchup
Co-op
Replay Pack
Multiplayer
Add a new tag
Caveats
  • Supply blocks, unpowered buildings, or Contaminate may cause inaccurate times.
  • Supply counts are checked every 10 seconds.